Map: 포트 알렉산더 - 래더

Players

souL

  • Race: Terran Terran
  • Spawn Location: 11:00

Impact - Winner!

  • Race: Zerg Zerg
  • Spawn Location: 5:00

Event: IEM Season 13: Katowice (2019)

VOD

Have the link to the VOD?

Description

Time

  • Played on: Feb. 26, 2019, 9:08 a.m.
  • Length: 11:18

All games in this series

Show
View Real Time Build Order
Export as new Build Order

souL Terran 

Build Orders: Gas First Reaper Expand, Liberator Opening, Mech 

Get SALT Encoding   

  12  0:00  SCV  
  13  0:12  SCV  
  14  0:17  Supply Depot  
  14  0:24  SCV  
  14  0:28  Refinery  
  15  0:39  SCV  
  16  0:45  Barracks  
  16  0:51  SCV  
  17  1:03  SCV  
  18  1:15  SCV  
  19  1:32  Reaper, Orbital Command  
  20  1:44  Command Center  
  20  1:56  Factory  
  20  2:00  SCV  
  21  2:06  Barracks Reactor  
  21  2:12  SCV  
  22  2:16  Supply Depot  
  22  2:20  Refinery  
  22  2:24  SCV  
  23  2:37  SCV  
  24  2:46  Starport  
  24  2:50  SCV, Hellion x2  
  29  2:54  Marine  
  29  2:57  Orbital Command  
  30  3:02  SCV  
  31  3:11  Hellion  
  35  3:12  Hellion  
  35  3:14  SCV  
  36  3:24  Fusion Core, SCV  
  36  3:27  SCV  
  38  3:34  Starport Tech Lab, Marine  
  39  3:36  SCV  
  39  3:39  SCV  
  39  3:40  Supply Depot  
  41  3:48  SCV  
  41  3:50  Supply Depot  
  41  3:51  SCV  
  41  3:54  Hellion  
  45  3:57  Liberator  
  45  4:00  SCV  
  45  4:02  Hellion  
  48  4:03  SCV  
  49  4:15  SCV  
  49  4:17  SCV  
  54  4:22  Command Center  
  54  4:27  SCV, Supply Depot  
  54  4:29  SCV  
  56  4:36  Refinery, Supply Depot  
  56  4:38  Factory Tech Lab  
  56  4:39  SCV  
  56  4:40  Refinery  
  56  4:41  SCV  
  58  4:51  SCV  
  59  4:53  SCV  
  59  4:58  Factory, Siege Tank  
  62  5:00  Factory  
  62  5:03  SCV  
  62  5:05  SCV  
  64  5:10  Supply Depot x2  
  64  5:13  Barracks Tech Lab  
  64  5:15  SCV  
  64  5:17  SCV  
  64  5:28  SCV  
  65  5:29  SCV  
  65  5:30  Siege Tank  
  65  5:34  Orbital Command  
  69  5:40  SCV  
  69  5:41  SCV  
  71  5:43  Armory x2  
  71  5:45  Hellion x2  
  75  5:52  SCV  
  75  5:53  SCV  
  75  5:56  Bunker  
  75  5:57  Siege Tank  
  80  6:00  SCV  
  80  6:03  Supply Depot  
  82  6:04  SCV  
  82  6:05  SCV  
  82  6:09  Supply Depot  
  82  6:10  Siege Tank, Supply Depot  
  86  6:16  SCV  
  86  6:18  SCV  
  88  6:22  Hellion  
  88  6:24  Supply Depot  
  90  6:25  Supply Depot  
  90  6:28  SCV  
  90  6:29  Supply Depot  
  90  6:30  Siege Tank, SCV  
  95  6:33  Terran Vehicle Weapons Level 1, Terran Vehicle And Ship Armor Level 1  
  95  6:41  Viking  
  95  6:44  SCV  
  98  6:47  SCV  
  98  6:49  Supply Depot  
  98  6:50  Supply Depot  
  99  6:57  Engineering Bay, Siege Tank, SCV  
  99  6:58  Hellion  
  95  7:07  Siege Tank, Hellion  
  99  7:10  SCV  
  99  7:14  SCV  
  97  7:19  Hellion  
  99  7:24  SCV  
  99  7:28  Refinery  
  99  7:29  Siege Tank, Hellion  
  105  7:30  Refinery  
  105  7:34  Starport Reactor  
  105  7:35  SCV  
  105  7:36  Factory x2  
  106  7:37  Orbital Command, SCV  
  106  7:39  Siege Tank  
  106  7:42  Missile Turret  
  106  7:44  Missile Turret  
  109  7:47  SCV  
  109  7:50  SCV  
  111  7:59  SCV  
  111  8:02  Sensor Tower, SCV  
  114  8:08  Supply Depot  
  113  8:18  Command Center, Siege Tank  
  116  8:24  Medivac x2  
  116  8:26  Factory Reactor  
  120  8:28  Siege Tank, Hellion  
  120  8:32  Hellion x2  
  129  8:35  Terran Vehicle Weapons Level 2  
  129  8:45  Supply Depot  
  129  8:46  Supply Depot x2  
  129  8:47  Supply Depot, Terran Vehicle And Ship Armor Level 2  
  129  8:50  Hellion  
  131  8:56  SCV x2  
  131  8:57  Siege Tank  
  131  8:58  Hellbat  
  138  9:06  Hellbat, Siege Tank  
  143  9:10  Hellion  
  143  9:13  Hellion x2  
  147  9:19  Hellion  
  149  9:28  Hellion  
  149  9:30  Hellion  
  147  9:32  Hellion  
  147  9:34  Hellion x2  
  157  9:40  Siege Tank  
  157  9:41  Hellbat  
  157  9:45  Medivac x2  
  162  9:51  Siege Tank  
  162  9:52  Factory, Hellbat  
  167  9:53  Factory, Hellbat  
  167  9:55  Hellbat  
  167  9:56  Supply Depot  
  171  10:04  SCV x2  
  173  10:10  Missile Turret  
  173  10:12  Supply Depot  
  173  10:15  Viking  
  173  10:18  Hellion  
  173  10:20  Hellion  
  174  10:25  Sensor Tower  
  174  10:26  Refinery  
  174  10:27  Siege Tank, Hellion  
  137  10:29  Hellbat, Siege Tank, Refinery  
  133  10:39  Hellbat  
  133  10:44  Factory Tech Lab x2  
  127  10:52  Hellbat  
Show
View Real Time Build Order
Export as new Build Order

Impact Zerg - Winner!

Build Orders: Hatch First, Swarm Host 

Get SALT Encoding   

  12  0:00  Drone  
  13  0:12  Overlord  
  13  0:18  Drone  
  14  0:31  Drone x2  
  16  0:49  Hatchery  
  15  0:52  Drone  
  15  0:56  Drone  
  17  0:59  Drone  
  18  1:10  Extractor  
  17  1:15  Spawning Pool  
  17  1:18  Drone  
  17  1:21  Drone  
  18  1:28  Drone  
  19  1:38  Drone  
  20  1:49  Overlord  
  20  2:02  Queen x2, Zergling x4  
  26  2:12  Metabolic Boost  
  26  2:13  Drone  
  27  2:17  Drone  
  27  2:22  Drone  
  29  2:23  Drone  
  30  2:40  Hatchery  
  30  2:43  Drone  
  30  2:46  Drone  
  30  2:50  Drone  
  31  2:54  Queen  
  31  2:58  Overlord  
  33  3:01  Drone  
  33  3:03  Drone  
  35  3:20  Drone x7  
  35  3:24  Drone  
  43  3:35  Overlord  
  43  3:47  Lair  
  43  3:51  Queen  
  43  3:54  Zergling x6  
  43  3:55  Zergling x4  
  50  3:59  Drone x2  
  50  4:00  Queen  
  50  4:01  Extractor, Roach Warren  
  50  4:02  Extractor  
  51  4:04  Overlord  
  51  4:15  Overlord x2  
  50  4:23  Drone x7  
  57  4:30  Overlord x2  
  57  4:37  Drone  
  57  4:38  Drone  
  59  4:45  Roach x3  
  65  4:46  Roach  
  65  4:49  Roach  
  65  4:51  Roach  
  71  4:55  Roach  
  71  4:56  Roach  
  71  4:59  Roach  
  77  5:00  Glial Reconstitution  
  77  5:04  Drone  
  78  5:07  Spore Crawler  
  78  5:08  Drone, Spore Crawler  
  78  5:10  Drone  
  78  5:14  Drone, Spore Crawler  
  77  5:18  Overlord  
  77  5:21  Burrow  
  78  5:25  Drone x3  
  78  5:27  Pneumatized Carapace  
  81  5:33  Drone  
  81  5:35  Drone  
  83  5:37  Overlord  
  83  5:39  Drone  
  83  5:40  Drone  
  85  5:43  Drone  
  85  5:47  Drone x2  
  88  5:50  Evolution Chamber, Ravager  
  88  5:51  Evolution Chamber, Ravager  
  88  5:52  Ravager  
  88  5:53  Drone  
  88  5:54  Drone  
  91  5:57  Overlord  
  91  5:58  Drone  
  91  6:00  Overseer  
  91  6:03  Drone  
  93  6:09  Extractor, Drone x6  
  93  6:10  Ravager  
  99  6:12  Drone  
  99  6:14  Drone  
  99  6:15  Drone  
  99  6:17  Overlord  
  102  6:20  Overlord  
  102  6:21  Drone  
  102  6:23  Drone  
  104  6:31  Extractor, Zerg Ground Armor Level 1  
  104  6:32  Drone x3  
  106  6:33  Drone x3  
  106  6:35  Extractor  
  108  6:41  Zerg Missile Weapons Level 1  
  107  6:54  Drone x2  
  107  7:01  Drone  
  93  7:09  Roach x11  
  93  7:14  Roach x5  
  122  7:25  Overlord x3  
  122  7:26  Overlord  
  122  7:27  Overlord  
  122  7:35  Hatchery  
  122  7:36  Hatchery  
  120  7:38  Infestation Pit  
  115  8:09  Drone  
  116  8:16  Swarm Host x12  
  116  8:18  Overlord x3  
  152  8:22  Extractor  
  152  8:23  Drone x3  
  153  8:33  Extractor  
  152  8:37  Swarm Host x4  
  152  8:40  Spine Crawler, Drone x2  
  165  8:42  Spine Crawler  
  165  8:44  Drone x2  
  165  8:45  Spine Crawler  
  165  8:47  Spine Crawler  
  164  8:49  Drone x2  
  164  8:53  Drone x5  
  171  8:56  Hive  
  171  8:57  Zerg Missile Weapons Level 2  
  171  8:58  Hydralisk Den  
  170  9:06  Drone x4  
  170  9:07  Spine Crawler, Drone x2  
  176  9:10  Ravager  
  176  9:12  Spore Crawler  
  167  9:20  Roach x6  
  177  9:33  Roach  
  177  9:34  Roach x5  
  189  9:40  Spire  
  189  9:43  Ravager, Overlord x2  
  189  9:45  Spine Crawler  
  189  9:46  Spine Crawler, Drone  
  189  9:51  Drone  
  189  9:56  Overlord x2  
  189  10:00  Overlord x2  
  189  10:04  Ravager x7, Zergling x2  
  189  10:06  Overlord  
  197  10:14  Hydralisk  
  198  10:25  Roach x2  
  198  10:26  Roach x5, Drone  
  190  10:31  Roach x4  
  189  10:39  Hydralisk x5  
  199  10:47  Drone  

Tags
 
Add a new tag
Caveats
  • Supply blocks, unpowered buildings, or Contaminate may cause inaccurate times.
  • Supply counts are checked every 10 seconds.